[Event "Early-Titled-Tuesday-Blitz-January-23-2024"]
[Site "Chess.com"]
[Date "2024.01.23"]
[Round "10"]
[White "KNVB"]
[Black "bangchess21"]
[Result "0-1"]
[WhiteElo "2751"]
[BlackElo "2801"]
[TimeControl "180+1"]
[EndTime "9:56:50 PST"]
[Termination "bangchess21 won by checkmate"]

1. d4 Nf6 2. Bf4 e6 3. e3 d5 4.
Nf3 Bd6 5. Nbd2 O-O 6. Bd3 Bxf4 7. exf4 b6 8. Qe2 a5 9. O-O Qd6 10. g3 Ba6 11. Bxa6 Nxa6 12. c3 c5 13. Rfe1 Nb8 14.
c4 cxd4 15. Nxd4 dxc4 16. Nb5 Qb4 17. a4 Na6 18. Nxc4 Nd5 19. Ne5 Nc5 20. Nc6 Qb3 21.
Nbd4 Qd3 22. Qxd3 Nxd3 23. Re2 Rfc8 24. Rd1 Nc5 25. f5 Nxa4 26. fxe6 fxe6 27. Rxe6 Nxb2 28.
Rb1 Nc4 29. Rb5 Nc7 30. Ne7+ Kf7 31. Rf5+ Ke8 32. Re2 Rd8 33. Nec6+ Kd7 34. Rf7+ Kd6 35. Nxd8 Rxd8 36. Nf5+ Kc6 37. Ree7 Nd5 38. Ra7 Re8 39. Nxg7 Re1+ 40. Kg2 b5 41. Rf8 Kb6 42. Rff7 a4 43.
Nf5 a3 44. Nd4 Kc5 45. Nc2 Re2 46. Nxa3 Ne5 47. Rf5 Ne3+ 48. Kh3 Nxf5 49. Nxb5 Kxb5 50. Rxh7 Rxf2 51. Rh5 Kc4 52. g4 Rf3+ 53. Kg2 Ne3+ 54. Kg1 Rf1# 0-1

[Event "Early-Titled-Tuesday-Blitz-January-23-2024"]
[Site "Chess.com"]
[Date "2024.01.23"]
[Round "10"]
[White "Kunalm64"]
[Black "BashiqChess"]
[Result "1-0"]
[WhiteElo "2582"]
[BlackElo "2458"]
[TimeControl "180+1"]
[EndTime "9:56:52 PST"]
[Termination "Kunalm64 won by checkmate"]

1. e4 c5 2. Nf3 g6 3. c3 Bg7 4. d4 cxd4 5. cxd4 d5 6. e5 Bg4 7. Nbd2 Nc6 8. h3 Bxf3 9. Nxf3 e6 10. Be2 Nge7 11. O-O O-O 12. a3 Qb6 13. b4 Nf5 14. Bb2 f6 15. g4 Nfe7 16. exf6 Bxf6 17. Qd2 Nc8 18. Qe3 Re8 19. b5 Nd8 20. a4 Nd6 21.
Rfc1 N8f7 22. a5 Qd8 23. Ne5 Rc8 24. Bd3 Rxc1+ 25. Qxc1 Bxe5 26. dxe5 Ne4 27. Qe3 Qg5 28.
f4 Qh4 29. Rc1 h5 30. Bxe4 dxe4 31. Qxe4 hxg4 32. Qxg6+ Kh8 33. Qf6+ Qxf6 34. exf6 gxh3 35. Kh2 Kh7 36. Kxh3 Kg6 37. Kg4 Nh6+ 38. Kf3 Rd8 39. Rc7 b6 40. Rg7+ Kf5 41. Rg5# 1-0

[Event "Early-Titled-Tuesday-Blitz-January-23-2024"]
[Site "Chess.com"]
[Date "2024.01.23"]
[Round "10"]
[White "RCone"]
[Black "Ati1517"]
[Result "1-0"]
[WhiteElo "2422"]
[BlackElo "2213"]
[TimeControl "180+1"]
[EndTime "9:56:52 PST"]
[Termination "RCone won on time"]

1. e4 c5 2. Nc3 Nc6 3. Bb5 d6 4. Bxc6+ bxc6 5. d3 Nf6 6. f4 g6 7. Nf3 Bg7 8. O-O O-O 9. Bd2 d5 10. e5 Ne8 11. Na4 c4 12. dxc4 dxc4 13. Be3 Nc7 14. Qe2 Nd5 15. Rfd1 Be6 16. Nc5 Bh6 17. Nxe6 fxe6 18. g3 Qc7 19. Nd4 Kf7 20. Bf2 c5 21. Nf3 Nb6 22. h4 Rad8 23. Qe3 Rxd1+ 24. Rxd1 Rc8 25.
Qc3 Qc6 26. Nd2 Rd8 27. Re1 Na4 28. Qe3 Nxb2 29. Ne4 Na4 30. Nxc5 Nxc5 31. Qxc5 Qf3 32. Qe3 Qg4 33. Qe2 Qf5 34. Qxc4 Rd2 35. Re2 Rd1+ 36.
Kg2 Qg4 37. Qe4 Ra1 38. c4 Rc1 39. Bxa7 Ke8 40. Bf2 Bxf4 41. Qa8+ Kf7 42. Qf3 Qxf3+ 43. Kxf3 Bh6 44. c5 Bg7 45. Bd4 Rc4 46. Ke4 Ke8 47. Kd3 Ra4 48. c6 Kd8 49. Bb6+ Kc8 50. Kc3 Ra3+ 51. Kb4 Rxg3 52. Rd2 Rg4+ 53. Kb5 1-0

[Event "Early-Titled-Tuesday-Blitz-January-23-2024"]
[Site "Chess.com"]
[Date "2024.01.23"]
[Round "10"]
[White "baki83"]
[Black "wadsy27"]
[Result "1-0"]
[WhiteElo "2832"]
[BlackElo "2659"]
[TimeControl "180+1"]
[EndTime "9:56:54 PST"]
[Termination "baki83 won by resignation"]

1. e4 e6 2. d4 d5 3. Nc3 Bb4 4.
exd5 exd5 5. Bd3 Nc6 6. Ne2 Nge7 7. O-O Bf5 8. Bxf5 Nxf5 9. Qd3 Qd7 10. Nb5 O-O-O 11.
Bf4 Bd6 12. Rfe1 Bxf4 13. Nxf4 a6 14. Nc3 Nfxd4 15. Ncxd5 Qf5 16. Qxd4 Nxd4 17. Ne7+ Kb8 18. Nxf5 Nxf5 19. Rad1 Rxd1 20. Rxd1 Re8 21. Kf1 Nd6 22. Nh5 g6 23. Nf6 Rh8 24. g4 h5 25. gxh5 gxh5 26.
Rd5 h4 27. Rh5 Rxh5 28. Nxh5 Nc4 29. b3 Na3 30. c4 Kc8 31. Nf6 Nc2 32. Kg2 Nb4 33. Kh3 Nxa2 34. Kxh4 Nc1 35. Kg5 Nxb3 36. h4 Nd4 37. h5 Ne6+ 38. Kg4 a5 39. h6 Nf8 40.
Nd5 a4 41. Kf5 a3 42. Nc3 Kd7 43.
Kf6 Ke8 44. Kg7 b6 45. f4 c6 46. f5 b5 47. cxb5 cxb5 48. Na2 Ke7 49. f6+ Ke8 50. Kg8 Nh7 51. Kxh7 Kf8 52. Nb4 1-0

[Event "Early-Titled-Tuesday-Blitz-January-23-2024"]
[Site "Chess.com"]
[Date "2024.01.23"]
[Round "10"]
[White "snowlord"]
[Black "viktorskliarov"]
[Result "1/2-1/2"]
[WhiteElo "2861"]
[BlackElo "2678"]
[TimeControl "180+1"]
[EndTime "9:56:57 PST"]
[Termination "Game drawn by repetition"]

1. Nf3 g6 2. e4 c5 3. c4 Nc6 4. d4 cxd4 5. Nxd4 Bg7 6. Be3 Nf6 7. Nc3 Ng4 8. Qxg4 Nxd4 9. Qd1 Ne6 10. Rc1 d6 11. g3 b6 12. Bg2 Bb7 13. O-O O-O 14.
Qd2 Rc8 15. b3 Qd7 16. Bh3 f5 17. exf5 gxf5 18. Nd5 Nc5 19. f3 e6 20. Nf4 a5 21.
Nh5 Be5 22. Bh6 Rf7 23. Rce1 Kh8 24. Be3 Rg8 25. Bd4 Bxd4+ 26. Qxd4+ e5 27. Qc3 Qe7 28. f4 Ne4 29. Qb2 Qh4 30. fxe5 Qxh5 31. exd6+ Rfg7 32. Bg2 Bc8 33. Qe5 Qh6 34. Rxe4 fxe4 35. Rf6 Qc1+ 36. Rf1 Qe3+ 37. Kh1 Qd2 38. Bxe4 Rd8 39. Bd5 Qh6 40. Rf6 Qc1+ 41. Kg2 Qd2+ 42. Rf2 Qh6 43. Rf7 Qd2+ 44. Rf2 Qh6 45. Rf7 Qd2+ 46. Rf2 1/2-1/2

[Event "Early-Titled-Tuesday-Blitz-January-23-2024"]
[Site "Chess.com"]
[Date "2024.01.23"]
[Round "10"]
[White "Yurasova_Daria"]
[Black "YurasovMat-2012"]
[Result "1-0"]
[WhiteElo "2492"]
[BlackElo "2592"]
[TimeControl "180+1"]
[EndTime "9:56:58 PST"]
[Termination "Yurasova_Daria won on time"]

1. d4 d5 2. Nf3 Nf6 3. Bf4 c5 4. e3 Nc6 5. Nbd2 cxd4 6. exd4 Bg4 7. c3 e6 8. Qb3 Qc8 9. Bb5 Nd7 10. O-O a6 11. Bd3 Be7 12. h3 Bh5 13. Rae1 O-O 14. Qc2 Bg6 15. Bxg6 hxg6 16. Qd3 b5 17. b4 a5 18. a3 axb4 19. axb4 Qb7 20. Nb3 Ra3 21. Qc2 Rc8 22. Nc5 Nxc5 23. dxc5 Bf6 24. Ne5 d4 25.
Nxc6 Qxc6 26. cxd4 Bxd4 27. Be5 Bxe5 28. Rxe5 Rd8 29.
Qe4 Qc7 30. Qe2 Rdd3 31. Re4 Qc6 32. Rf4 Rd8 33. Qe5 Rad3 34. Kh2 f6 35. Qe2 e5 36.
Rg4 f5 37. Rg3 e4 38. Ra1 Qc7 39. Qa2+ Kf8 40. Qa5 Qe5 41. Qxb5 1-0

[Event "Early-Titled-Tuesday-Blitz-January-23-2024"]
[Site "Chess.com"]
[Date "2024.01.23"]
[Round "10"]
[White "Manukyan_Artak"]
[Black "DrCeltic"]
[Result "1-0"]
[WhiteElo "2524"]
[BlackElo "2600"]
[TimeControl "180+1"]
[EndTime "9:57:00 PST"]
[Termination "Manukyan_Artak won by resignation"]

1. e4 c5 2. Nf3 e6 3. c3 Nf6 4.
e5 Nd5 5. d4 cxd4 6. cxd4 d6 7.
Nc3 Nxc3 8. bxc3 Qc7 9. Bd2 Nd7 10. Bb5 a6 11. Bxd7+ Bxd7 12. O-O Be7 13. Re1 O-O 14. exd6 Bxd6 15. Ne5 b5 16. Qh5 Bxe5 17. Rxe5 f6 18. Rc5 Qd6 19. f4 Be8 20. Qf3 Bg6 21. Qe3 Rac8 22. Re1 Bf5 23. Rxc8 Rxc8 24. h3 h5 25. Kh2 Qd5 26. a3 Qa2 27. Re2 Qxa3 28. Qf3 Qd6 29. Qxh5 a5 30. Qf3 a4 31. Qb7 Rb8 32.
Qa7 Bd3 33. Re3 Qxf4+ 34. Rg3 Qxg3+ 35. Kxg3 Re8 36. Bf4 Bc4 37. Bd6 Bd5 38. Bb4 Bc4 39.
Qc7 Kh7 40. Bd6 Kg6 41. Kf4 Bd5 42. g4 Rh8 43. Kg3 Re8 44. h4 Rg8 45. h5+ Kh7 46. Be7 Kh6 47. Ba3 g6 48. Bc1+ g5 49.
Qf7 Rg7 50. Qxf6+ Kh7 51. Ba3 e5 52. Qxe5 Bc4 53. Bd6 Kg8 54. Qe8+ Kh7 55. Be5 1-0

[Event "Early-Titled-Tuesday-Blitz-January-23-2024"]
[Site "Chess.com"]
[Date "2024.01.23"]
[Round "10"]
[White "AlexTruskavetsky"]
[Black "Goffredo_Fofi"]
[Result "0-1"]
[WhiteElo "2691"]
[BlackElo "2563"]
[TimeControl "180+1"]
[EndTime "9:57:01 PST"]
[Termination "Goffredo_Fofi won on time"]

1. d4 g6 2. e4 Bg7 3. Nf3 c6 4. Nc3 d5 5. Be2 dxe4 6. Nxe4 Nf6 7. Nxf6+ exf6 8. c3 O-O 9. O-O a5 10. a4 Be6 11.
Bd3 Na6 12. b3 Nc7 13. Ba3 Re8 14. Qc2 Nd5 15. g3 Qd7 16. Rfe1 Bh3 17. Nd2 Nf4 18.
Be4 f5 19. Bh1 Nd5 20. Nc4 f4 21. Ne5 Qc7 22. Nc4 fxg3 23. hxg3 h5 24. Bd6 Qd7 25.
Be5 Bf5 26. Qd2 f6 27. Bxd5+ Qxd5 28. Nb6 Qd8 29. Nxa8 fxe5 30. Rad1 Qxa8 31. dxe5 Rxe5 32. Rxe5 Bxe5 33. b4 axb4 34. cxb4 Qxa4 35. Qd8+ Kh7 36. Re1 Bg7 37. Qe7 Qb3 38. Qxb7 Qf3 39. Re3 Qd1+ 40.
Kg2 Qd5+ 41. Kh2 Kh6 42. Qb8 Bh3 43. Qf4+ g5 44. Qe4 Qxe4 45. Rxe4 Bf5 46. Re7 Kg6 47.
Rc7 Be4 0-1

[Event "Early-Titled-Tuesday-Blitz-January-23-2024"]
[Site "Chess.com"]
[Date "2024.01.23"]
[Round "10"]
[White "tolimachess"]
[Black "Aleksandar-Topalov"]
[Result "1-0"]
[WhiteElo "2474"]
[BlackElo "2342"]
[TimeControl "180+1"]
[EndTime "9:57:02 PST"]
[Termination "tolimachess won by resignation"]

1. e4 e6 2. Nc3 d5 3. d4 Bb4 4. exd5 exd5 5. Bd3 Ne7 6. Ne2 O-O 7. O-O Bf5 8. Ng3 Bg6 9. Nce2 Nd7 10. f4 Bxd3 11.
Qxd3 Bd6 12. f5 Nf6 13. Bf4 Bxf4 14. Nxf4 Nc8 15. Rae1 c6 16. Nfh5 Nd6 17. Nxf6+ Qxf6 18. Nh5 Qg5 19. Qf3 Rfe8 20. f6 g6 21. Ng7 Re4 22. Rxe4 Nxe4 23. Qf4 Qxf4 24. Rxf4 Nxf6 25. Rxf6 Kxg7 26.
Rd6 Re8 27. Kf2 Re7 28. Rd8 h5 29. b4 a6 30. a4 Kf6 31. c3 Kf5 32. Kf3 g5 33. h3 g4+ 34. hxg4+ hxg4+ 35. Kf2 Kf4 36. g3+ Ke4 37. Ke2 Kf5+ 38. Kf2 Kf6 39. Rg8 Kf5 40. Rb8 Ke4 41. Ke2 f5 42. Rf8 b5 43. a5 Re6 44. Rf7 Re8 45. Rf6 Re7 46. Rxc6 f4 47. Kf2 Rf7 48. gxf4 Rxf4+ 49. Kg3 Rf1 50. Kxg4 Rg1+ 51.
Kh5 Kd3 52. Rxa6 Kxc3 53. Rd6 Kxd4 54. Rc6 Rb1 55. a6 Rxb4 56. a7 Ra4 57. Rc7 b4 58.
Rb7 b3 59. Rb4+ Kc5 60. Rxa4 b2 61. a8=Q b1=Q 62. Ra5+ Kd4 63. Qxd5+ Ke3 64. Ra3+ Kf2 65.
Qd4+ Ke1 66. Ra1 Qxa1 67. Qxa1+ 1-0

[Event "Early-Titled-Tuesday-Blitz-January-23-2024"]
[Site "Chess.com"]
[Date "2024.01.23"]
[Round "10"]
[White "RantomOpening"]
[Black "DTChess"]
[Result "1-0"]
[WhiteElo "2531"]
[BlackElo "2610"]
[TimeControl "180+1"]
[EndTime "9:57:04 PST"]
[Termination "RantomOpening won by resignation"]

1. e4 e5 2. Nf3 Nc6 3. c3 g6 4.
d4 Bg7 5. d5 Nce7 6. c4 d6 7.
Nc3 Nf6 8. Be2 O-O 9. O-O h6 10. Be3 Nh5 11. Re1 Nf4 12. Bf1 g5 13. g3 Nfg6 14.
Bg2 f5 15. exf5 Nxf5 16. Nd2 b6 17. Qh5 Qe8 18. Nb5 Qf7 19. Nxc7 Qxc7 20. Qxg6 Qe7 21.
Be4 Rf6 22. Qh5 Bd7 23. Bg2 Raf8 24. Ne4 R6f7 25. Bxg5 hxg5 26. Nxg5 Nh6 27. Nxf7 Rxf7 28. b4 Bg4 29. Qh4 Qxh4 30. gxh4 Nf5 31. c5 bxc5 32.
bxc5 dxc5 33. d6 Rd7 34. f3 Bh5 35. Bh3 Bg6 36. h5 Bh7 37. h6 Bf8 38. Rxe5 Nd4 39. Bxd7 Nxf3+ 40. Kf2 Nxe5 41. Be6+ Kh8 42. d7 Be7 43.
Rg1 c4 44. Rg7 Bc5+ 45. Ke1 Bb4+ 46. Kd1 Ba5 47. Re7 Be4 48. Re8+ Kh7 49. d8=Q Bf3+ 50. Kc1 Bxd8 51. Rxd8 Kxh6 52. Bd5 Be2 53. Re8 Nd3+ 54.
Kd2 Bf1 55. Bxc4 1-0

[Event "Early-Titled-Tuesday-Blitz-January-23-2024"]
[Site "Chess.com"]
[Date "2024.01.23"]
[Round "10"]
[White "Heinza9"]
[Black "ljuks68"]
[Result "1/2-1/2"]
[WhiteElo "2335"]
[BlackElo "2457"]
[TimeControl "180+1"]
[EndTime "9:57:05 PST"]
[Termination "Game drawn by repetition"]

1. e4 e6 2. c4 d5 3. cxd5 exd5 4.
exd5 Nf6 5. Bb5+ Nbd7 6. Nc3 Be7 7. Nf3 O-O 8. h3 Nb6 9. O-O Nfxd5 10. d4 Bf5 11.
Re1 c6 12. Bd3 Bg6 13. Bxg6 hxg6 14. Ne4 Re8 15. a3 Nf6 16. Neg5 Bd6 17. Rxe8+ Qxe8 18. Qb3 Nfd5 19. Bd2 Qd7 20. Re1 Re8 21. Ne4 Bf8 22. Nc5 Rxe1+ 23. Bxe1 Qc8 24. Qd3 Nd7 25. b4 Bxc5 26.
dxc5 Qe8 27. Bd2 Ne5 28. Qe4 Nxf3+ 29. gxf3 Qd7 30. Kg2 Kh7 31. Qe5 f6 32. Qd6 Qf5 33. Be3 Qc2 34. Kg3 Qd1 35. f4 Qg1+ 36. Kf3 Qh1+ 37.
Kg3 Qe4 38. Qd7 Nxe3 39. fxe3 Qxe3+ 40. Kg2 Qe2+ 41. Kg3 Qb5 42. f5 a5 43. fxg6+ Kxg6 44. Qg4+ Kh7 45. Qf5+ Kg8 46. Qe6+ Kh7 47. Qf5+ Kh6 48.
Qf4+ Kg6 49. Qg4+ Kf7 50. Qd7+ Kf8 51. Qd8+ Kf7 52. Qd7+ Kg8 53. Qe6+ Kh8 54. Qe8+ Kh7 55. Qh5+ Kg8 56. Qe8+ Kh7 57. Qh5+ Kg8 58. Qe8+ Kh7 1/2-1/2

[Event "Early-Titled-Tuesday-Blitz-January-23-2024"]
[Site "Chess.com"]
[Date "2024.01.23"]
[Round "10"]
[White "kingofthenil"]
[Black "TigrVShlyape"]
[Result "0-1"]
[WhiteElo "2704"]
[BlackElo "2952"]
[TimeControl "180+1"]
[EndTime "9:57:08 PST"]
[Termination "TigrVShlyape won by resignation"]

1. e4 c5 2. d3 Nc6 3. g3 g6 4.
Bg2 Bg7 5. f4 e6 6. Nf3 Nge7 7.
O-O d6 8. c3 O-O 9. Be3 b6 10.
d4 cxd4 11. cxd4 Ba6 12. Re1 Rc8 13. Nc3 Na5 14. Bf2 Bb7 15. Rc1 Qd7 16. Bf1 Nc4 17. b3 Na5 18. Qd2 Rc7 19. Bb5 Qc8 20. Bd3 Qb8 21. Nb5 Rxc1 22. Rxc1 Rc8 23. Rxc8+ Nxc8 24. Qc3 Nc6 25. e5 a6 26. Na3 b5 27. Nc2 N6e7 28.
Ng5 Nd5 29. Qa5 Qc7 30. Qxc7 Nxc7 31. Ne4 Bf8 32. Nf6+ Kg7 33. Be1 Be7 34. Ba5 Nd5 35. Nd7 f6 36. Be4 dxe5 37. dxe5 f5 38. Bg2 Kf7 39. Nd4 Ke8 40. Nxe6 Kxd7 41. Ng7 Bc5+ 42. Kh1 Nce7 43. Bd2 Bc6 44. h4 Nc7 45. h5 Bxg2+ 46. Kxg2 Ne6 47. hxg6 hxg6 48. Nxe6 Kxe6 49. Kf3 Kd5 50. g4 Nc6 51. gxf5 gxf5 52. Kg3 Nd4 53. Kh4 Ne6 54. Kh5 Ke4 55. Kg6 Nxf4+ 56. Bxf4 Kxf4 57. e6 Ke5 58. Kf7 f4 59. b4 Bxb4 60. e7 Bxe7 61.
Kxe7 f3 0-1

[Event "Early-Titled-Tuesday-Blitz-January-23-2024"]
[Site "Chess.com"]
[Date "2024.01.23"]
[Round "10"]
[White "scarabee43"]
[Black "mac0504"]
[Result "1/2-1/2"]
[WhiteElo "2810"]
[BlackElo "2613"]
[TimeControl "180+1"]
[EndTime "9:57:08 PST"]
[Termination "Game drawn - insufficient material"]

1. Nf3 g6 2. c4 Bg7 3. Nc3 d6 4.
d4 Nd7 5. g3 e5 6. Bg2 Ne7 7.
O-O O-O 8. Bg5 h6 9. Bxe7 Qxe7 10. e3 c6 11. Qc2 Nf6 12. Rad1 Bf5 13. Qb3 e4 14. Nd2 h5 15. Ne2 h4 16. gxh4 Bg4 17.
Rde1 Rae8 18. Ng3 d5 19. cxd5 cxd5 20. Rc1 Be6 21. Qa3 Qxa3 22. bxa3 Rc8 23. Nb3 b6 24. a4 a5 25. Rb1 Rc6 26. Rfc1 Rfc8 27. Rxc6 Rxc6 28.
Bf1 Rc2 29. a3 Bf8 30. Nc1 Bxa3 31. Nce2 Bb4 32. Nf4 Bd7 33. Be2 Bxa4 34. Bd1 Ra2 35. Bxa4 Rxa4 36. Rc1 Ra2 37. Rc6 Ng4 38. Nxd5 Nxf2 39.
h5 Nh3+ 40. Kh1 Kg7 41. hxg6 fxg6 42. Nxe4 Nf2+ 43. Nxf2 Rxf2 44. Rxb6 Re2 45. Rxg6+ Kxg6 46. Nf4+ Kf5 47. Nxe2 Bd2 48. Ng3+ Ke6 49. Ne4 Bxe3 50. Kg2 Bxd4 51. Kf3 a4 52. Ke2 a3 53. Nd2 a2 54.
Nb3 a1=Q 55. Nxa1 Bxa1 56. h4 Kf6 57. h5 Kg5 58. h6 Kxh6 1/2-1/2

[Event "Early-Titled-Tuesday-Blitz-January-23-2024"]
[Site "Chess.com"]
[Date "2024.01.23"]
[Round "10"]
[White "ViratKohl_i"]
[Black "wanyaland"]
[Result "1-0"]
[WhiteElo "2609"]
[BlackElo "2476"]
[TimeControl "180+1"]
[EndTime "9:57:09 PST"]
[Termination "ViratKohl_i won on time"]

1. e4 c5 2. Nf3 e6 3. d4 cxd4 4. Nxd4 Nc6 5. Nc3 Qc7 6. Be3 a6 7. g4 b5 8. Nxc6 dxc6 9. Bg2 Bb7 10. Qf3 Nf6 11. g5 Nd7 12. Kd1 Ne5 13. Qg3 Bd6 14. f4 Nc4 15. e5 Nxb2+ 16. Ke2 Be7 17. Ne4 Na4 18. Rad1 c5 19. f5 exf5 20. Nd6+ Bxd6 21. exd6 Qd7 22. Qe5+ Kd8 23. Qxg7 Re8 24. Bxb7 Qxb7 25. d7 Nc3+ 26. Kd2 Rxe3 27. Kxe3 Qe4+ 28. Kd2 Nxd1 29. Rxd1 Kxd7 30. Kc1+ Kc7 31. Qxf7+ Kb6 32. Qf6+ Ka5 33. a3 Qe3+ 34. Kb2 Re8 35. Rd3 Qe5+ 36. Qxe5 Rxe5 37.
Rd7 f4 38. h4 Rf5 39. Rxh7 f3 40. g6 f2 41. g7 f1=Q 42. g8=Q 1-0

[Event "Early-Titled-Tuesday-Blitz-January-23-2024"]
[Site "Chess.com"]
[Date "2024.01.23"]
[Round "10"]
[White "chess123456s"]
[Black "luckyswitchback"]
[Result "1/2-1/2"]
[WhiteElo "2551"]
[BlackElo "2693"]
[TimeControl "180+1"]
[EndTime "9:57:10 PST"]
[Termination "Game drawn by repetition"]

1. d4 Nf6 2. Nc3 d5 3. Bf4 a6 4. e3 Bf5 5. Nf3 e6 6. Ne5 Nbd7 7. g4 Bg6 8. h4 h6 9. Nxg6 fxg6 10. Bd3 Kf7 11. Qf3 Bb4 12. O-O-O Bxc3 13. bxc3 Kg8 14. Bxg6 Qe7 15. g5 Qa3+ 16. Kd2 Ne4+ 17. Bxe4 dxe4 18. Qxe4 Qxa2 19. gxh6 Qd5 20. Qxd5 exd5 21. hxg7 Kxg7 22. Rdg1+ Kf7 23. Bxc7 a5 24. Rg5 Nf6 25. f3 Rag8 26. f4 Ne4+ 27. Ke2 Ng3+ 28. Rxg3 Rxg3 29. Bxa5 Re8 30.
Kf2 Rexe3 31. h5 Rgf3+ 32. Kg2 Rxf4 33. h6 Re6 34. Kg3 Rf5 35. Rh4 Rg6+ 36. Kh2 Rf2+ 37.
Kh1 Rf1+ 38. Kh2 Rf2+ 39. Kh1 Ra6 40. h7 Rxa5 41. Rf4+ Rxf4 42. h8=Q Ra1+ 43. Kg2 Raf1 44. Qh5+ Kf6 45. Qe5+ Kg6 46. Qxd5 Rf7 47. Qe4+ Kg7 48. Qe5+ R1f6 49. d5 Kg8 50. Qe8+ Kh7 51. Qe4+ Rg6+ 52.
Kh3 Rg7 53. Kh4 Kh8 54. Qe8+ Rg8 55. Qe5+ Kh7 56. Qe7+ R8g7 57. Qe4 Kh8 58. Qe8+ Kh7 59. Qe4 1/2-1/2

[Event "Early-Titled-Tuesday-Blitz-January-23-2024"]
[Site "Chess.com"]
[Date "2024.01.23"]
[Round "10"]
[White "Alexei_Kornev"]
[Black "FARIZA2018"]
[Result "1/2-1/2"]
[WhiteElo "2724"]
[BlackElo "2554"]
[TimeControl "180+1"]
[EndTime "9:57:11 PST"]
[Termination "Game drawn by repetition"]

1. e4 e5 2. Nf3 Nc6 3. Bb5 a6 4. Ba4 Nf6 5. O-O Be7 6. d3 b5 7. Bb3 d6 8. a4 Bg4 9. c3 O-O 10.
Nbd2 Na5 11. Ba2 c5 12. Re1 Qd7 13. axb5 axb5 14. Nf1 Be6 15. Bxe6 Qxe6 16. N1d2 h6 17. d4 c4 18. Qc2 Rfd8 19. d5 Qd7 20. b4 cxb3 21.
Nxb3 Nc4 22. Rb1 Rdc8 23. Qd3 Qc7 24. Nbd2 Qc5 25. Nxc4 bxc4 26. Qc2 Rcb8 27. Be3 Qc7 28. h3 Ra3 29. Nd2 Rba8 30. Rb2 Nd7 31. Reb1 Bg5 32. Bxg5 hxg5 33. Rb4 Nc5 34. Nxc4 Ra2 35. R4b2 Rxb2 36. Rxb2 Ra4 37. Rb4 Ra1+ 38. Rb1 Ra4 39. Nd2 Qa7 40. Nb3 Nxe4 41. Rb2 Nf6 42. c4 Qc7 43. Nd2 Ra1+ 44. Rb1 Qa5 45. Kh2 Rxb1 46. Nxb1 Qc5 47. Qd3 g6 48. f3 Kg7 49. Nd2 Qf2 50. Ne4 Nxe4 51. Qxe4 Qc5 52. h4 gxh4 53. Qxh4 Qe3 54. Qe4 Qh6+ 55.
Kg1 Qc1+ 56. Kf2 Qb2+ 57. Kg3 Qc1 58. Qh4 Qe1+ 59. Kh3 Qh1+ 60. Kg3 Qe1+ 61. Kh3 Qh1+ 62. Kg3 Qe1+ 1/2-1/2

[Event "Early-Titled-Tuesday-Blitz-January-23-2024"]
[Site "Chess.com"]
[Date "2024.01.23"]
[Round "10"]
[White "maciek_92"]
[Black "mortngabriel"]
[Result "1-0"]
[WhiteElo "2803"]
[BlackElo "2523"]
[TimeControl "180+1"]
[EndTime "9:57:11 PST"]
[Termination "maciek_92 won on time"]

1. e4 c5 2. Nf3 Nc6 3. c3 Nf6 4. e5 Nd5 5. Bc4 Nb6 6. Bb3 c4 7. Bc2 g6 8. O-O Bg7 9. Qe2 O-O 10. b3 cxb3 11. axb3 d6 12. exd6 Qxd6 13. d4 Bg4 14. h3 Bxf3 15. Qxf3 Rac8 16. Ba3 Qf6 17. Qe4 Rfd8 18. Rd1 Nd5 19. Bb2 e5 20. c4 Ndb4 21. d5 Nxc2 22. Qxc2 Nd4 23. Bxd4 exd4 24. Qd3 a6 25.
Nd2 b5 26. Nf3 bxc4 27. bxc4 Rc5 28. Nd2 Rc7 29. Nb3 Qd6 30. Na5 Re8 31. Nc6 Rxc6 32. dxc6 Qxc6 33. Re1 Rc8 34. Rec1 h5 35. c5 Qd5 36.
Qc4 Qxc4 37. Rxc4 Rc6 38. Kf1 d3 39. Rd1 Bf8 40. Rxd3 Rxc5 41. Rxc5 Bxc5 42. Rd8+ Kg7 43. Ra8 Bd6 44. Rxa6 Be5 45. h4 Bf6 46. g3 Be5 47.
Ke2 Bf6 48. Ke3 Be5 49. Ke4 Bf6 50. Ra4 Bd8 51. Kd5 Bb6 52. Ra2 Kh7 53. Ke5 Kg7 54.
Kd6 Bd4 55. Ke7 Bc5+ 56. Ke8 Kf6 57. Rc2 Bd6 58. Rc6 1-0

[Event "Early-Titled-Tuesday-Blitz-January-23-2024"]
[Site "Chess.com"]
[Date "2024.01.23"]
[Round "10"]
[White "chess_blitz00"]
[Black "Kostukov_Alex"]
[Result "1-0"]
[WhiteElo "2446"]
[BlackElo "2292"]
[TimeControl "180+1"]
[EndTime "9:57:12 PST"]
[Termination "chess_blitz00 won on time"]

1. f4 c5 2. Nf3 g6 3. g3 Bg7 4. Bg2 Nf6 5. O-O O-O 6. b3 d5 7.
Bb2 d4 8. e3 Nc6 9. exd4 cxd4 10. d3 Nd5 11. Re1 Ne3 12. Qd2 Bg4 13. Bh1 Rc8 14.
Na3 e5 15. Nxe5 Nxe5 16. fxe5 Bxe5 17. Nc4 Bg7 18. Rab1 Bh6 19. Qf2 b5 20. Nxe3 dxe3 21.
Rxe3 Rxc2 22. Qxc2 Bxe3+ 23. Kf1 Re8 24. Re1 Bh3+ 25.
Bg2 Bxg2+ 26. Kxg2 Qd5+ 27. Kh3 Qf3 28. Rxe3 Qxe3 29.
Qc3 f6 30. Qxf6 Qe6+ 31. Qxe6+ Rxe6 32. Bd4 a6 33. Bc5 Re2 34. a4 Rb2 35. axb5 axb5 36.
b4 Rb3 37. d4 Kf7 38. Kg4 Ke6 39. h4 Kd5 40. Kf4 Rd3 41. g4 h5 42. gxh5 gxh5 43. Kg5 Rg3+ 44. Kxh5 Ke4 45. Kh6 Kf5 46. h5 Kf6 47. Bd6 Rg8 48. Be5+ Kf7 49. Kh7 Rg5 50. h6 Rg4 51. Bg7 Rg5 52. Kh8 1-0

[Event "Early-Titled-Tuesday-Blitz-January-23-2024"]
[Site "Chess.com"]
[Date "2024.01.23"]
[Round "10"]
[White "TheoSlade"]
[Black "Roman_Ovetchkin"]
[Result "0-1"]
[WhiteElo "2467"]
[BlackElo "2635"]
[TimeControl "180+1"]
[EndTime "9:57:14 PST"]
[Termination "Roman_Ovetchkin won by resignation"]

1. d4 Nf6 2. c4 c5 3. d5 b5 4.
cxb5 a6 5. bxa6 g6 6. Nc3 Bg7 7. e4 O-O 8. a7 Rxa7 9. Nf3 d6 10. Be2 Ba6 11. O-O Qb6 12. a4 Bxe2 13. Qxe2 Nfd7 14.
Nb5 Ra8 15. Nd2 Na6 16. Nc4 Qd8 17. Bd2 Nb4 18. Bc3 Nb6 19. Bxg7 Kxg7 20. b3 Nxc4 21. bxc4 Ra6 22. Ra3 Qd7 23. Rfa1 e5 24. dxe6 fxe6 25.
Qd2 e5 26. Rd1 Rf6 27. Nc3 Qb7 28. Nd5 Nxd5 29. Qxd5 Qxd5 30. Rxd5 Kf7 31. Rd1 Ke6 32. Rb1 Rf7 33. a5 Rfa7 34. Rb5 g5 35. Kf1 h5 36. Ke2 g4 37. f3 Ra8 38. fxg4 hxg4 39. h3 gxh3 40.
gxh3 R6a7 41. h4 Rg7 42. a6 Rg2+ 43. Kf1 Rag8 44. a7 Rg1+ 45. Ke2 R8g2+ 46. Kf3 Rg3+ 47. Kf2 R1g2+ 48. Kf1 Rxa3 49. Kxg2 Rxa7 50. h5 Rh7 51. Rb8 Rxh5 52. Re8+ Kd7 53. Rg8 Rh4 54. Kf3 Rh3+ 55. Ke2 Rc3 56. Rg7+ Kc6 57. Rg8 Rxc4 58. Kd3 Rd4+ 59.
Ke3 c4 60. Rc8+ Kb5 61. Rb8+ Ka4 62. Rb7 Ka3 63. Rb6 c3 64. Rc6 Kb2 65. Rb6+ Kc1 66. Ra6 c2 67. Ra1+ Kb2 68. Rh1 c1=Q+ 69. Rxc1 Kxc1 0-1

[Event "Early-Titled-Tuesday-Blitz-January-23-2024"]
[Site "Chess.com"]
[Date "2024.01.23"]
[Round "10"]
[White "GrotBchess"]
[Black "Larina_Maria"]
[Result "1/2-1/2"]
[WhiteElo "2284"]
[BlackElo "2186"]
[TimeControl "180+1"]
[EndTime "9:57:15 PST"]
[Termination "Game drawn - insufficient material"]

1. e4 c6 2. d4 d5 3. Nd2 dxe4 4. Nxe4 Nf6 5. Nxf6+ exf6 6. c3 Bd6 7. Bd3 O-O 8. Ne2 Re8 9. O-O Bg4 10. f3 Bh5 11. Nf4 Bg6 12. Nxg6 hxg6 13. Qb3 Qb6 14. Bc4 Qxb3 15.
axb3 Nd7 16. b4 Nb6 17. Bd3 Nd5 18. Bd2 Bf4 19. Rfd1 a6 20. Kf2 Re7 21. Bxf4 Nxf4 22. Bf1 Rae8 23. g3 Nd5 24. Bc4 Ne3 25. Bd3 Nxd1+ 26.
Rxd1 f5 27. Ra1 Re3 28. Bc4 g5 29. Ra5 g6 30. h4 g4 31. fxg4 b5 32. Bf1 fxg4 33.
Ra1 Rf3+ 34. Kg2 Ree3 35. Rd1 Rxg3+ 36. Kh2 Rgf3 37. Bg2 Rf2 38. Kg1 Rxb2 39. Bxc6 Rxc3 40. d5 g3 41. d6 Rcc2 42. d7 Rd2 43. d8=Q+ Rxd8 44. Rxd8+ Kg7 45. Rd4 Rc2 46. Be4 Rc4 47. Rxc4 bxc4 48.
Kg2 f6 49. Kxg3 g5 50. hxg5 fxg5 51. Kg4 Kf6 52. Bf5 Ke5 53. Kxg5 Kd4 54. Kf4 c3 55.
Bc2 Kc4 56. Ke3 Kxb4 57. Kd3 a5 58. Kd4 a4 59. Bxa4 Kxa4 60. Kxc3 1/2-1/2